 Dungeon Crawl Stone Soup version 0.32-a0-768-g0f6f1dd4b9 (webtiles) character file.

Game seed: 5138082119236393578

127 PriceMaster the Grave Robber (level 4, 0/30 HPs)
             Began as a Demonspawn Necromancer on Mar 18, 2024.
             Killed by nerve-wracking pain
             ... invoked by Grinder
              (9 damage)
             ... on level 3 of the Dungeon.
             The game lasted 00:05:18 (2616 turns).

PriceMaster the Grave Robber (DsNe)                 Turns: 2616, Time: 00:05:19

Health: 0/30       AC: 11    Str:  9    XL:     4   Next: 85%
Magic:  7/7        EV:  4    Int: 17    God:
Gold:   140        SH:  0    Dex: 13    Spells: 4/8 levels left

rFire   + . .        l - +2 sling (freeze)
rCold   . . .        (no shield)
rNeg    . . .        r - +2 chain mail {rF+}
rPois   .            p - +0 helmet
rElec   .            (no cloak)
rCorr   .            (gloves unavailable)
SInv    .            (no boots)
Will    .....        f - amulet of faith Stlth
                     (no ring)
HPRegen 0.25/turn    (no ring)
MPRegen 0.10/turn

%: faith
@: no status effects
A: claws 3
a: no special abilities


You were on level 3 of the Dungeon.
You visited 1 branch of the dungeon, and saw 3 of its levels.

You collected 140 gold pieces.

Inventory:

Hand Weapons
 i - a +0 falchion
 l - a +2 sling of freezing (weapon)
Armour
 a - a +0 robe
 p - a +0 helmet (worn)
 r - a +2 chain mail of fire resistance (worn)
Magical Staves
 j - a staff of fire
Jewellery
 f - an amulet of faith (around neck)
Scrolls
 c - a scroll of brand weapon
 d - 3 scrolls of identify
 g - a scroll of fog {unknown}
 k - a scroll of teleportation {unknown}
 m - a scroll of immolation {unknown}
 n - a scroll of butterflies {unknown}
 o - a scroll of fear {unknown}


   Skills:
 + Level 0.2 Fighting
 * Level 2.0 Ranged Weapons
 + Level 0.2 Armour
 + Level 2.0 Dodging
 + Level 2.1 Stealth
 + Level 2.6 Spellcasting
 + Level 5.4 Necromancy


You had 4 spell levels left.
You knew the following spells:

 Your Spells              Type           Power      Damage    Failure   Level
a - Necrotise             Necr           80%        1d8       78%         1
b - Vampiric Draining     Necr           20%        2d7       98%         3

Your spell library contained the following spells:

 Spells                   Type           Power      Damage    Failure   Level
 Animate Dead             Necr           20%        N/A       100%        4
 Curse of Agony           Necr           20%        N/A       100%        5


Dungeon Overview and Level Annotations

Branches:
Dungeon (3/15)

Altars:
Cheibriados

Annotations:
D:3 Grinder


Innate Abilities, Weirdness & Mutations

You have claws for hands.


Message History

Aim: Grinder (almost dead, 53% to hit)
You shoot a sling bullet.
The sling bullet hits Grinder but does no damage.
Grinder is almost dead.
You feel yourself slow down. Grinder hits you but does no damage.
Grinder gestures at you.
You suddenly lose the ability to move!
Grinder hits you!
You writhe in agony.
* * * LOW HITPOINT WARNING * * *
You can move again.
Casting: Necrotise (safe; 78% risk of failure)
Confirm with . or Enter, or press ? or * to list all spells.
You can't see any susceptible monsters within range! (Use Z to cast anyway.) Unknown command.
Fire: l) +2 sling (freeze)
Press: ? - help, Q - select action, (/) - cycle Shift-Dir - straight line, f/p - Grinder
Aim: Grinder (almost dead, 53% to hit)
You shoot a sling bullet.
The sling bullet completely misses Grinder.
Grinder hits you but does no damage.
Fire: l) +2 sling (freeze)
Press: ? - help, Q - select action, (/) - cycle Shift-Dir - straight line, f/p - Grinder
Aim: Grinder (almost dead, 53% to hit)
You shoot a sling bullet. The sling bullet barely misses Grinder.
Grinder barely misses you. Grinder hits you but does no damage.
Unknown command.
Casting: Necrotise (safe; 78% risk of failure)
Confirm with . or Enter, or press ? or * to list all spells.
You can't see any susceptible monsters within range! (Use Z to cast anyway.) Fire: l) +2 sling (freeze)
Press: ? - help, Q - select action, (/) - cycle Shift-Dir - straight line, f/p - Grinder
Aim: Grinder (almost dead, 53% to hit)
You shoot a sling bullet.
The sling bullet closely misses Grinder.
Grinder hits you but does no damage. Grinder gestures at you.
Pain shoots through your body!
You die...
Grinder says, "Hey, I wasn't done torturing you yet!"

...P '..P.P #..... ## ###
+..PPP ... ..## ....♣♣♣P
P..# ...###+###
#.♣.P.♣....#
...##....######..P♣.P...#
.........##...##.).......
.........''...')@5.......
.........##..[########.#.
###.#....##...#
#.#....##...#
#.......+...#
##......#...#
#......##.)# #......###..
#......#


You could see Grinder.

Vanquished Creatures
  An orc wizard (D:3)
  3 adders
  2 dart slugs
  8 orcs (D:3)
  5 ball pythons
  2 endoplasms (D:3)
  5 giant cockroaches
  4 goblins
  3 hobgoblins
  6 jackals
  2 quokkas
  6 bats
  3 frilled lizards
  2 kobolds
  3 rats
55 creatures vanquished.

Vanquished Creatures (collateral kills)
  An orc (D:3)
  A goblin (D:2)
  A frilled lizard (D:3)
  A kobold (D:1)
4 creatures vanquished.

Grand Total: 59 creatures vanquished

Notes
Turn   | Place    | Note
-------+----------+-------------------------------------------
     0 | D:1      | PriceMaster the Demonspawn Necromancer began the quest for
                  | the Orb.
     0 | D:1      | Reached XP level 1. HP: 13/13 MP: 3/3
   376 | D:1      | Discovered your monstrous ancestry.
   376 | D:1      | Gained mutation: You have sharp fingernails. [demonic
                  | ancestry]
   376 | D:1      | Reached XP level 2. HP: 6/19 MP: 3/5
   456 | D:1      | Reached skill level 5 in Necromancy
   867 | D:2      | Gained mutation: You have very sharp fingernails. [demonic
                  | ancestry]
   867 | D:2      | Reached XP level 3. HP: 23/24 MP: 0/6
  1464 | D:2      | Identified the +1 ring mail of Transparent Leaves {Str+3
                  | Int+3}
  1797 | D:2      | Found a snail-covered altar of Cheibriados.
  2008 | D:3      | Learned a level 3 spell: Vampiric Draining
  2243 | D:3      | Gained mutation: You have claws for hands. [demonic
                  | ancestry]
  2243 | D:3      | Reached XP level 4. HP: 30/30 MP: 7/7
  2276 | D:3      | Reached skill level 1 in Ranged Weapons
  2557 | D:3      | Noticed Grinder
  2576 | D:3      | Paralysed by Grinder for 2 turns
  2590 | D:3      | Paralysed by Grinder for 2 turns
  2598 | D:3      | Paralysed by Grinder for 3 turns
  2607 | D:3      | Paralysed by Grinder for 3 turns
  2612 | D:3      | Paralysed by Grinder for 2 turns
  2616 | D:3      | Killed from afar by Grinder

Illustrated notes

Levels and vault maps discovered:
D:1:      noname_arrival_rooms_in_the_neighbourhood, layout_basic
D:2:      layout_rooms, basic_altar
D:3:      layout_basic, serial_forest, infiniplex_forest_clump_large,
          infiniplex_forest_zigzag_1, infiniplex_forest_lined_2,
          infiniplex_forest_clump_medium, infiniplex_forest_zigzag_2,
          infiniplex_forest_lined_4_way, minmay_misc_feat_nine_boxes,
          minmay_pentomino_pile, uniq_grinder, uniq_crazy_yiuf_cottage

Skill      XL: |  1  2  3  4 |
---------------+-------------+-----
Necromancy     | 5 |  5.4
Stealth        | 2 |  2.1
Dodging        | 2 |  2.0
Ranged Weapons | 2 |  2.0
Fighting       | |  0.2
Armour         | |  0.2
Spellcasting   | |  2.6

Action                     |  1- 3 |  4- 6 || total
---------------------------+-------+-------++-------
  Melee: Unarmed           |     1 |       ||     1
         Falchion          |    14 |       ||    14
   Fire: Sling             |    34 |    83 ||   117
   Cast: Necrotise         |    37 |     3 ||    40
         Vampiric Draining |     2 |     1 ||     3
    Use: Potion            |     2 |     4 ||     6
         Scroll            |       |     1 ||     1
 Armour: Robe              |    46 |     1 ||    47
         Chain mail        |       |    77 ||    77
         Skin              |       |    13 ||    13
  Dodge: Dodged            |    39 |    17 ||    56

Table legend: (Time is in decaauts)
 A = Elapsed time spent in this place.
 B = Non-inter-level travel time spent in this place.
 C = Inter-level travel time spent in this place.
 D = Time resting spent in this place.
 E = Time spent auto-exploring this place.
 F = Levels seen in this place.
 G = Mean time per level.
                   A        B        C        D        E       F      G
               +--------+--------+--------+--------+--------+-----+--------+
         Total |   2678 |   2598 |     80 |    728 |   1388 |   3 |  892.7 |
       Dungeon |   2678 |   2598 |     80 |    728 |   1388 |   3 |  892.7 |
               +--------+--------+--------+--------+--------+-----+--------+

Top non-repeatable levels by time:
     D:2: 1231 daAuts
     D:1: 742 daAuts
     D:3: 705 daAuts
